 Dungeon Crawl Stone Soup version 0.28.0-53-g5a82cb258f (webtiles) character file.

Game seed: 5808913188353446528

52 Sin92 the Skirmisher (level 3, -2/29 HPs)
             Began as a Demonspawn Fighter on June 7, 2022.
             Killed by nerve-wracking pain
             ... invoked by Jessica
              (12 damage)
             ... on level 2 of the Dungeon.
             The game lasted 00:01:46 (1598 turns).

Sin92 the Skirmisher (Demonspawn Fighter)           Turns: 1598, Time: 00:01:46

Health: -2/29      AC:  0    Str: 16    XL:     3   Next: 60%
Magic:  3/3        EV: 33    Int:  9    God:
Gold:   74         SH:  0    Dex: 19    Spells: 2/2 levels left

rFire   . . .      SeeInvis .   (weapon currently unavailable)
rCold   . . .      Faith    .   (shield currently unavailable)
rNeg    . . .      Spirit   .   (armour currently unavailable)
rPois   .          Reflect  .   (helmet currently unavailable)
rElec   .          Harm     .   (cloak currently unavailable)
rCorr   .          Rampage  .   (gloves currently unavailable)
Will    .....                   (boots currently unavailable)
Stlth   ++........              g - amulet of the acrobat
HPRegen 0.09/turn               (ring currently unavailable)
MPRegen 0.08/turn               (ring currently unavailable)

@: bat-form (expiring), acrobatic, flying, slowed, quick
A: fast, flying, no casting, tiny, demonic guardian 1, (sharp scales 1)
a: no special abilities


You were on level 2 of the Dungeon.
You were a bat.
You visited 1 branch of the dungeon, and saw 2 of its levels.

You collected 74 gold pieces.

Inventory:

Hand Weapons
 a - a +0 trident (melded)
Armour
 b - a +0 scale mail (melded)
 c - a +0 buckler (melded)
 e - a scarf of resistance (melded)
Jewellery
 g - an amulet of the acrobat (around neck)
 j - a ring of poison resistance (melded)
Potions
 d - a potion of might
 f - a potion of curing {unknown}
 h - a potion of mutation {unknown}
 i - a potion of degeneration {unknown}


   Skills:
 + Level 3.3 Fighting
 + Level 2.2 Polearms
 + Level 3.1 Armour
 + Level 1.1 Dodging
 + Level 3.1 Shields


You had 2 spell levels left.
You didn't know any spells.
Your spell library contained the following spells:

 Spells                   Type           Power      Damage    Failure   Level
 Sting                    Tmut/Pois      0%         1d3       38%         1
 Poisonous Vapours        Pois/Air       0%         N/A       52%         2
 Olgreb's Toxic Radiance  Pois           0%         N/A       99%         4


Dungeon Overview and Level Annotations

Branches:
Dungeon (2/15)

Altars:

Annotations:
D:2 Jessica


Innate Abilities, Weirdness & Mutations

You are a bat.
You are tiny and dextrous.
You move quickly.
You are flying.
Your equipment is almost entirely melded.
You are incapable of wielding weapons or throwing items.
You cannot cast spells.
A weak demonic guardian rushes to your aid.
((You are partially covered in razor-sharp scales. (AC +1, Slay +1)))


Message History

Jessica is nearby!
You hit Jessica.
Jessica is moderately wounded.
Jessica misses you.
Unknown command.
Jessica is nearby!
You hit Jessica but do no damage.
Jessica is moderately wounded.
Jessica closely misses you.
You hit Jessica but do no damage.
Jessica is moderately wounded.
Jessica gestures wildly while chanting.
Jessica seems to speed up.
Jessica is nearby!
You hit Jessica but do no damage.
Jessica is moderately wounded.
Jessica hits you with a +0 club.
Jessica points at you and mumbles some strange words.
Pain shoots through your body!
A demonic guardian appears!
Jessica is nearby!
Jessica is nearby!
You are too injured to fight recklessly!
Jessica is nearby!
You are too injured to fight recklessly!
You are too injured to fight recklessly!
Jessica is nearby!
Unknown command.
Jessica looks very angry.
Jessica gestures at you while chanting. Pain shoots through your body!
Jessica says, "I'm really upset."
Jessica shouts, "You're disturbing me!
I'll have to kill you!" Jessica casts a spell at you.
You feel yourself slow down.
Your transformation is almost over.
Jessica casts a spell.
Jessica blinks!
Jessica gestures at you while chanting. Pain shoots through your body!
You die...

##.##..##.#. #. #..#...#
#5# ..# .##.##..#...# #.#
#>.. ............# #.#
#.##. ............# #.#
#.# #.##.......... #.#
#.# #.##.##..#...# #.#
#.# #.##.##..#...#
#.###.####.............
#..ยง..b..@.##.##..#....
#####.####........#....
#######.####.##.##..#.#.#
........................#
############<#####.##.###
#)# #.##.# #.# #.## # #.#
#.#


You could see Jessica (fast).

Vanquished Creatures
  2 adders (D:2)
  An adder skeleton (D:2)
  A worm (D:2)
  A dart slug (D:1)
  A bat (D:1)
  An endoplasm (D:2)
  A giant cockroach (D:1)
  5 goblins
  3 hobgoblins (D:1)
  2 kobolds (D:1)
  A quokka (D:2)
  A ball python (D:1)
  3 rats (D:1)
23 creatures vanquished.

Vanquished Creatures (collateral kills)
  An endoplasm (D:1)
1 creature vanquished.

Grand Total: 24 creatures vanquished

Notes
Turn   | Place    | Note
-------+----------+-------------------------------------------
     0 | D:1      | Sin92 the Demonspawn Fighter began the quest for the Orb.
     0 | D:1      | Reached XP level 1. HP: 18/18 MP: 1/1
    71 | D:1      | You fall into a shaft and drop 1 floor!
    81 | D:2      | Gained mutation: You are partially covered in razor-sharp
                  | scales. (AC +1, Slay +1) [demonic ancestry]
    81 | D:2      | Reached XP level 2. HP: 11/24 MP: 2/2
   469 | D:2      | Gained mutation: A weak demonic guardian rushes to your
                  | aid. [demonic ancestry]
   469 | D:2      | Reached XP level 3. HP: 18/29 MP: 3/3
  1041 | D:1      | Reached skill level 1 in Dodging
  1572 | D:2      | Noticed Jessica
  1598 | D:2      | Killed from afar by Jessica

Illustrated notes

Levels and vault maps discovered:
D:1:      erik_arrival_cave_to_civilisation [erik_arrival_cave_to_temple],
          layout_basic
D:2:      layout_basic, uniq_jessica

Skill      XL: |  1  2  3 |
---------------+----------+-----
Polearms       | 2 |  2.2
Armour         | 3 |  3.1
Shields        | 3 |  3.1
Dodging        | 1 |  1.1
Fighting       | |  3.3

Action                   || total
-------------------------++-------
Melee: Trident           ||    85
       Unarmed           ||     8
Armor: Scale mail        ||    40
Dodge: Dodged            ||    40
Block: Buckler           ||    17
